 Dungeon Crawl Stone Soup version 0.28.0-43-g3370ac3207 (webtiles) character file.

Game seed: 4032324436784669204

212510 TheDeanity the Shatterer (level 18, -8/196 HPs)
             Began as a Troll Fighter on Mar 10, 2022.
             Was a High Priest of Wu Jian.
             Mangled by a harpy simulacrum (10 damage)
             ... in an ice cave on Mar 14, 2022.
             The game lasted 03:12:15 (36674 turns).

TheDeanity the Shatterer (Troll Fighter)           Turns: 36674, Time: 03:12:16

Health: -8/196     AC: 14    Str: 35    XL:     18   Next: 24%
Magic:  17/17      EV:  9    Int:  4    God:    Wu Jian [*****.]
Gold:   606        SH: 10    Dex:  9    Spells: 17/17 levels left

rFire   + . .      SeeInvis .   V - +3 demon whip (vamp)
rCold   + . .      Faith    .   c - +0 kite shield
rNeg    + + .      Spirit   .   b - +4 steam dragon scales
rPois   +          Reflect  .   T - -2 hat of the Alchemist {rElec rPois rF+ rC+ rN+ Will+ rMut rCorr}
rElec   +          Harm     .   y - +2 cloak
rCorr   +          Rampage  .   (gloves unavailable)
rMut    +                       (boots unavailable)
Will    +++..                   H - amulet of the acrobat
Stlth   +.........              K - ring "Timiogg" {rElec rN+ Will+}
HPRegen 1.22/turn               A - ring of flight
MPRegen 0.15/turn

@: flying
A: large, unfitting armour, claws 3, regeneration 1, shaggy fur 1, tough skin 1
}: 1/15 runes: serpentine
a: Renounce Religion, Wall Jump, Serpent's Lash, Heavenly Storm


You were in an ice cave.
You worshipped Wu Jian.
Wu Jian was extremely pleased with you.
You visited 6 branches of the dungeon, and saw 30 of its levels.
You also visited: Gauntlet, Ice Cave and Volcano.

You collected 3310 gold pieces.
You spent 2704 gold pieces at shops.

Inventory:

Hand Weapons
 g - the +9 mace "Vuusoof" {vorpal, rC+ Int+2}
   (You found it on level 5 of the Dungeon)

   It inflicts extra damage upon your enemies.
   Int:       It affects your intelligence (+2).
   rC:        It protects you from cold.
 u - a +5 giant spiked club of flaming
 U - a +2 morningstar of protection
 V - a +3 vampiric demon whip (weapon)
Missiles
 d - 6 silver javelins
 j - 31 large rocks (quivered)
Armour
 b - +4 steam dragon scales (worn)
 c - a +0 kite shield (worn)
 y - a +2 cloak (worn)
 T - the -2 hat of the Alchemist (worn) {rElec rPois rF+ rC+ rN+ Will+ rMut rCorr}
   (You acquired it on level 2 of the Dungeon)

   rF:        It protects you from fire.
   rC:        It protects you from cold.
   rElec:     It insulates you from electricity.
   rPois:     It protects you from poison.
   rN:        It protects you from negative energy.
   rCorr:     It protects you from acid and corrosion.
   rMut:      It protects you from mutation.
   Will:      It increases your willpower.
Jewellery
 a - a ring of see invisible
 A - a ring of flight (right claw)
 E - a ring of poison resistance
 H - an amulet of the acrobat (around neck)
 K - the ring "Timiogg" (left claw) {rElec rN+ Will+}
   (You bought it in a shop on level 2 of the Dungeon)

   [ring of positive energy]

   rElec:     It insulates you from electricity.
   rN:        It protects you from negative energy.
   Will:      It increases your willpower.
Wands
 e - a wand of iceblast (27)
 k - a wand of polymorph (26)
 o - a wand of mindburst (9)
 s - a wand of acid (7)
 D - a wand of flame (18)
 O - a wand of paralysis (6)
 W - a wand of charming (7)
Scrolls
 h - 2 scrolls of magic mapping
 i - 4 scrolls of immolation {!r!r}
 l - 6 scrolls of teleportation
 p - a scroll of silence
 t - a scroll of blinking
 x - 3 scrolls of enchant armour
 C - a scroll of summoning
 G - a scroll of holy word
 P - 5 scrolls of fear
 Q - a scroll of amnesia
 R - 7 scrolls of identify
Potions
 m - 4 potions of flight
 n - 5 potions of brilliance
 r - 10 potions of curing
 v - 3 potions of might
 w - a potion of berserk rage
 z - 3 potions of attraction
 F - 2 potions of haste
 I - 3 potions of resistance
 J - 3 potions of invisibility
 L - a potion of heal wounds
 M - a potion of magic
 N - a potion of ambrosia
 S - a potion of lignification
Miscellaneous
 f - a lightning rod (4/4)
 q - a box of beasts
 B - a phial of floods


   Skills:
 + Level 16.1 Fighting
 * Level 21.2 Maces & Flails
 - Level 10.0 Armour
 - Level 2.4 Dodging
 - Level 10.0 Shields


You had 17 spell levels left.
You didn't know any spells.
Your spell library contained the following spells:

 Spells                   Type           Power      Damage    Failure   Level
 Magic Dart               Conj           0%         1d3       71%         1
 Sting                    Tmut/Pois      0%         1d3       71%         1
 Call Imp                 Summ           0%         N/A       85%         2
 Poisonous Vapours        Pois/Air       0%         N/A       85%         2
 Dazzling Flash           Conj/Hex       0%         N/A       97%         3
 Mephitic Cloud           Conj/Pois/Air  0%         N/A       97%         3
 Ozocubu's Armour         Ice            0%         N/A       97%         3
 Olgreb's Toxic Radiance  Pois           0%         N/A       100%        4
 Agony                    Necr           0%         N/A       100%        5
 Silence                  Hex/Air        0%         N/A       100%        5
 Summon Forest            Summ/Tloc      0%         N/A       100%        5
 Summon Mana Viper        Hex/Summ       0%         N/A       100%        5
 Summon Cactus Giant      Summ           0%         N/A       100%        6
 Malign Gateway           Summ/Tloc      0%         N/A       100%        7
 Ozocubu's Refrigeration  Ice            0%         4d5       100%        7
 Summon Horrible Things   Summ           0%         N/A       100%        8


Dungeon Overview and Level Annotations

Branches:
Dungeon (15/15)            Temple (1/1) D:7            Lair (6/6) D:10
  Swamp (2/4) Lair:4        Snake (4/4) Lair:3        Slime (0/5) Lair:5
    Orc (2/2) D:9             Elf (0/3) Orc:2        Vaults (0/5) D:13
 Depths (0/4) D:15          IceCv (1/1)             Volcano (visited)
Gauntlet (visited)

Altars:
Ashenzari
Cheibriados
Dithmenos
Elyvilon
Fedhas
Gozag
Hepliaklqana
Kikubaaqudgha
Makhleb
Nemelex Xobeh
Okawaru
Qazlal
Ru
Sif Muna
Trog
Uskayaw
Vehumet
Wu Jian
Yredelemnul
Zin
The Shining One
Beogh
Jiyva

Shops:
D:2 :=:[?   D:6 *(*(   D:14 ?   D:15 *   Orc:2 ![*?   Snake:1 [

Annotations:
Lair:5 exclusion: 4 oklob plants
Snake:3 3 runed translucent doors, Razfen's ghost, adept GnWn


Innate Abilities, Weirdness & Mutations

You are too large for most types of armour.
You have claws for hands.
Your natural rate of healing is unusually fast.
You are covered in fur. (AC +1)
You have tough skin. (AC +1)


Message History

Aiming: Charm
Press: ? - help, Shift-Dir - straight line, f - seven-headed hydra simulacrum
Aim: a seven-headed hydra simulacrum (chance to affect: 50%)
The seven-headed hydra simulacrum resists with significant effort.
The harpy simulacrum claws you but does no damage.
The harpy simulacrum barely misses you.
You spin and attack the harpy simulacrum repeatedly.
You hit the harpy simulacrum.
The harpy simulacrum is lightly damaged.
You whack the harpy simulacrum!
The harpy simulacrum is severely damaged.
The harpy simulacrum claws you. The harpy simulacrum freezes you. You resist.
* * * LOW HITPOINT WARNING * * *
The harpy simulacrum claws you.
* * * LOW HITPOINT WARNING * * *
The harpy simulacrum freezes you! You resist.
* * * LOW HITPOINT WARNING * * *
You block the harpy simulacrum's attack. x2
The harpy simulacrum claws you.
* * * LOW HITPOINT WARNING * * *
The harpy simulacrum freezes you. You resist.
* * * LOW HITPOINT WARNING * * *
The harpy simulacrum claws you but does no damage.
There is an ice covered gate leading back out of this place, spattered with blood here.
The harpy simulacrum claws you.
* * * LOW HITPOINT WARNING * * *
The harpy simulacrum freezes you! You resist.
* * * LOW HITPOINT WARNING * * *
You block the harpy simulacrum's attack.
The harpy simulacrum claws you.
* * * LOW HITPOINT WARNING * * *
The harpy simulacrum freezes you. You resist.
* * * LOW HITPOINT WARNING * * *
The harpy simulacrum claws you but does no damage. x2
The harpy simulacrum claws you.
* * * LOW HITPOINT WARNING * * *
The harpy simulacrum freezes you! You resist.
* * * LOW HITPOINT WARNING * * *
The harpy simulacrum claws you!
You die...

#######
##.....##
##...@.Z.##
##...ZZ....##
#...Z.∩.Z...#
#.....u.....#
#.......Z...#
#.............#
#...Z8...8.Z..#
#......$......#
##....?[!....##


You could see a white very ugly thing, an alligator simulacrum, a seven-headed
hydra simulacrum, 4 golden dragon simulacra and 2 harpy simulacra.

Vanquished Creatures
  Mara (Snake:4)
  Rupert (D:12)
  Frances (Snake:1)
  Gastronok (D:12)
  8 nagarajas
  4 ghouls
  A stone giant (D:12)
  3 eleionomae (Swamp:1)
  Azrael (D:12)
  A minotaur (Gauntlet)
  A dire elephant (D:15)
  Snorg (D:12)
  4 boulder beetles
  11 naga warriors
  15 hydras
  A ghost crab (Swamp:2)
  9 anacondas
  3 catoblepae
  4 ogre magi
  3 centaur warriors
  3 salamander tyrants (Snake:4)
  18 two-headed ogres
  2 dancing weapons (D:13)
  3 tengu warriors
  5 alligators
  19 death yaks
  A hell hog (Gauntlet)
  A hell knight (Volcano)
  Urug (D:12)
  A spriggan (Swamp:1)
  Sonja (Lair:1)
  10 naga sharpshooters
  7 shock serpents
  6 salamander mystics
  9 skeletal warriors
  3 goliath frogs
  2 deep trolls (Orc:2)
  8 naga ritualists
  2 swamp dragons
  A harpy (shapeshifter) (D:14)
  A lindwurm (Lair:6)
  A necromancer (Gauntlet)
  9 mana vipers
  2 deep elf pyromancers
  7 manticores
  20 ugly things
  A will-o-the-wisp (Swamp:2)
  17 salamanders
  5 guardian serpents (Snake:4)
  6 cyclopes
  9 elephants (Lair:6)
  46 black mambas
  29 naga magi
  18 cane toads
  A molten gargoyle (D:11)
  2 gargoyles (D:12)
  Maggie (D:7)
  2 efreet (D:15)
  3 kobold demonologists (D:12)
  3 komodo dragons
  5 rime drakes
  3 yaktaurs (Volcano)
  A tengu conjurer (D:14)
  14 trolls
  2 hornets
  3 polar bears
  3 meliai (D:14)
  A bloated husk (Swamp:1)
  25 blink frogs
  8 tyrant leeches
  2 dream sheep (Lair:6)
  16 slime creatures
  A vampire (D:13)
  6 fire bats
  2 shadows
  Sigmund (D:3)
  4 water elementals (D:13)
  5 wyverns
  3 fire elementals (D:12)
  2 wraiths (D:13)
  3 basilisks
  37 yaks
  12 vampire mosquitoes
  Menkaure (D:5)
  48 nagas
  10 swamp worms
  4 wargs (Orc:2)
  An acid dragon (D:12)
  A naga (shapeshifter) (D:15)
  3 hell hounds
  20 water moccasins
  2 ice beasts
  A black bear (shapeshifter) (D:14)
  4 black bears
  11 orc warriors
  A swamp drake (Swamp:1)
  A sky beast (D:8)
  12 wolves
  4 necrophages
  27 ogres
  15 centaurs
  A phantom (D:5)
  2 kobold brigands
  16 bullfrogs
  A wyvern zombie (D:7)
  2 scorpions
  17 killer bees
  2 electric eels
  A lava snake (D:11)
  2 hounds
  3 centaur zombies
  13 orc priests
  3 bullfrog skeletons
  A jelly (D:4)
  Terence (D:2)
  Ijyb (D:3)
  An iguana (D:6)
  8 orc wizards
  7 hell rats (Lair:5)
  A killer bee zombie (D:7)
  Robin (D:4)
  A howler monkey zombie (D:10)
  3 gnolls (D:4)
  9 adders
  A shadow imp (D:7)
  2 white imps
  An ufetubus (D:5)
  44 orcs
  6 endoplasms
  3 giant cockroaches
  16 goblins
  9 hobgoblins
  6 jackals
  9 kobolds
  3 quokkas (D:1)
  5 ball pythons
  6 bats
  2 frilled lizards (D:3)
  5 rats
900 creatures vanquished.

Vanquished Creatures (others)
  A spriggan (Swamp:1)
  A black mamba (Snake:3)
  A hornet (Swamp:1)
  A naga (Snake:1)
  4 foxfires (Swamp:2)
  30 fungi
  13 plants
  A withered plant (Gauntlet)
52 creatures vanquished.

Grand Total: 952 creatures vanquished

Notes
Turn   | Place    | Note
-------+----------+-------------------------------------------
     0 | D:1      | TheDeanity the Troll Fighter began the quest for the Orb.
     0 | D:1      | Reached XP level 1. HP: 22/22 MP: 0/0
     0 | D:1      | magus.rc [v1.9.6]
   211 | D:1      | Reached skill level 2 in Maces & Flails
   211 | D:1      | Reached XP level 2. HP: 13/29 MP: 1/1
   287 | D:1      | magus.rc [v1.9.6]
   733 | D:1      | Reached XP level 3. HP: 34/34 MP: 2/2
   881 | D:2      | Reached XP level 4. HP: 44/44 MP: 3/3
   900 | D:2      | Found a burning altar of Makhleb.
   911 | D:2      | Found Ehumm's Magic Scroll Shop.
   921 | D:2      | Bought a scroll of identify for 26 gold pieces
  1025 | D:2      | Found Biruanto's Jewellery Shoppe.
  1063 | D:2      | Found a faded altar of an unknown god.
  1082 | D:2      | Found Iquagu's Book Boutique.
  1114 | D:2      | Found Kuisk's Book Boutique.
  1118 | D:2      | Found Muwnyut's Armour Emporium.
  1211 | D:2      | Noticed Terence
  1238 | D:2      | Killed Terence
  1532 | D:2      | Bought a scroll of identify for 26 gold pieces
  1732 | D:3      | Noticed Sigmund
  1781 | D:4      | Reached XP level 5. HP: 32/53 MP: 4/4
  1897 | D:4      | Noticed Robin
  1907 | D:4      | Killed Robin
  2061 | D:4      | Reached skill level 3 in Maces & Flails
  2763 | D:5      | Entered Level 5 of the Dungeon
  2776 | D:5      | Reached XP level 6. HP: 56/61 MP: 5/5
  2917 | D:5      | Found an iron altar of Okawaru.
  2933 | D:5      | Identified the +9 mace "Vuusoof" {vorpal, rC+ Int+2}
  3120 | D:4      | Reached skill level 4 in Maces & Flails
  3120 | D:4      | Reached skill level 5 in Shields
  3120 | D:4      | Reached XP level 7. HP: 53/70 MP: 6/6
  3581 | D:5      | Noticed Menkaure
  3585 | D:5      | Killed Menkaure
  3586 | D:5      | Reached skill level 5 in Maces & Flails
  3880 | D:6      | Reached skill level 5 in Fighting
  3919 | D:6      | Reached XP level 8. HP: 69/80 MP: 7/7
  3955 | D:6      | Found Kumaog's Antique Weapon Emporium.
  4038 | D:6      | Found Napnut's Weapon Shoppe.
  4078 | D:6      | Found Aneliheh's General Store.
  4202 | D:6      | Bought a potion of haste for 130 gold pieces
  4631 | D:6      | Found Eptumm's General Store.
  4695 | D:7      | Found a staircase to the Ecumenical Temple.
  4695 | D:7      | Noticed Maggie
  4702 | Temple   | Entered the Ecumenical Temple
  4846 | Temple   | Became a worshipper of the Wu Jian Council
  5157 | D:7      | Reached skill level 6 in Maces & Flails
  5706 | D:7      | Killed Maggie
  5707 | D:7      | Reached XP level 9. HP: 14/88 MP: 8/8
  6086 | D:7      | Reached skill level 7 in Maces & Flails
  6164 | D:8      | Reached * piety under Wu Jian
  6431 | D:8      | Reached XP level 10. HP: 80/102 MP: 9/9
  6571 | D:8      | Reached skill level 8 in Maces & Flails
  7046 | D:9      | Noticed a two-headed ogre
  7054 | D:9      | Killed a two-headed ogre
  7055 | D:9      | Reached skill level 9 in Maces & Flails
  7069 | D:9      | Found a staircase to the Orcish Mines.
  7267 | D:9      | Noticed a two-headed ogre
  7291 | D:9      | Killed a two-headed ogre
  7403 | D:6      | Bought a ring of poison resistance for 280 gold pieces
  7824 | D:10     | Entered Level 10 of the Dungeon
  7966 | D:10     | Reached ** piety under Wu Jian
  8177 | D:10     | Noticed a death yak
  8177 | D:10     | Noticed a death yak
  8181 | D:10     | Noticed a death yak
  8181 | D:10     | Noticed a death yak
  8181 | D:10     | Noticed a death yak
  8182 | D:10     | Noticed a death yak
  8191 | D:10     | Killed a death yak
  8192 | D:10     | Reached XP level 11. HP: 107/113 MP: 10/10
  8204 | D:10     | Killed a death yak
  8263 | D:10     | Killed a death yak
  8270 | D:10     | Killed a death yak
  8333 | D:10     | Killed a death yak
  8334 | D:10     | Reached skill level 10 in Maces & Flails
  8391 | D:10     | Killed a death yak
  8458 | D:10     | Found a staircase to the Lair.
  8912 | D:6      | Bought a scroll of magic mapping for 45 gold pieces
  9020 | Lair:1   | Entered Level 1 of the Lair of Beasts
  9084 | Lair:1   | Noticed Sonja
  9089 | Lair:1   | Paralysed by Sonja for 6 turns
  9103 | Lair:1   | Noticed a four-headed hydra
  9112 | Lair:1   | HP: 5/115 [Sonja/+4 dagger of distortion (6)]
  9113 | Lair:1   | HP: 2/115 [asphyx]
  9339 | D:11     | Noticed a boulder beetle
  9359 | D:11     | Killed a boulder beetle
  9524 | D:11     | Found a gate leading to a gauntlet.
  9533 | Gauntlet | Entered a Gauntlet
  9533 | Gauntlet | Found a transporter.
  9542 | Gauntlet | Found a transporter.
  9545 | Gauntlet | Noticed a hell hog
  9559 | Gauntlet | Found a transporter.
  9562 | Gauntlet | Found a transporter.
  9574 | Gauntlet | Noticed a large abomination
  9583 | Gauntlet | Found a transporter.
  9596 | Gauntlet | Found a transporter.
  9599 | Gauntlet | Noticed a death yak
  9599 | Gauntlet | Noticed a death yak
  9599 | Gauntlet | Noticed a death yak
  9600 | Gauntlet | Noticed a necromancer
  9602 | Gauntlet | Noticed a death yak
  9607 | Gauntlet | Found a transporter.
  9637 | Gauntlet | Noticed a wretched star
  9640 | Gauntlet | Found a transporter.
  9640 | Gauntlet | Found a transporter.
  9647 | Gauntlet | Found a transporter.
  9678 | Gauntlet | Found a transporter.
  9678 | Gauntlet | Found a transporter.
  9805 | Gauntlet | Killed a hell hog
  9834 | Gauntlet | Killed a necromancer
  9835 | Gauntlet | Reached skill level 10 in Fighting
  9835 | Gauntlet | Reached skill level 10 in Shields
  9835 | Gauntlet | Reached XP level 12. HP: 82/126 MP: 11/11
  9854 | Gauntlet | Killed a death yak
  9872 | Gauntlet | Killed a death yak
  9976 | Gauntlet | Killed a death yak
  9977 | Gauntlet | Reached skill level 11 in Maces & Flails
 10041 | Gauntlet | Killed a death yak
 10138 | Gauntlet | Noticed a minotaur
 10230 | Gauntlet | Killed a minotaur
 10230 | Gauntlet | Reached *** piety under Wu Jian
 10416 | Lair:1   | Killed Sonja
 10418 | Lair:1   | Killed a four-headed hydra
 10648 | Lair:1   | Noticed a five-headed hydra
 10656 | Lair:1   | Killed a five-headed hydra
 10825 | Lair:1   | Reached skill level 1 in Armour
 10830 | Lair:1   | Reached skill level 12 in Maces & Flails
 11450 | Lair:2   | Reached **** piety under Wu Jian
 11489 | Lair:2   | Reached XP level 13. HP: 133/137 MP: 12/12
 12203 | D:2      | Bought a scroll of blinking for 97 gold pieces
 12203 | D:2      | Bought a scroll of torment for 97 gold pieces
 12203 | D:2      | Bought a scroll of blinking for 97 gold pieces
 12571 | Lair:3   | Found a staircase to the Snake Pit.
 12610 | Lair:3   | Reached skill level 13 in Maces & Flails
 14448 | Lair:4   | Found a staircase to the Swamp.
 14758 | Lair:5   | Found a dark tunnel.
 14772 | Volcano  | Entered a volcano
 14792 | Volcano  | Found a burning altar of Makhleb.
 14952 | Volcano  | Reached skill level 14 in Maces & Flails
 15222 | Lair:5   | Reached skill level 5 in Armour
 15380 | Lair:5   | Reached ***** piety under Wu Jian
 15421 | Lair:5   | Found a viscous altar of Jiyva.
 15421 | Lair:5   | Found a staircase to the Slime Pits.
 16160 | Lair:6   | Entered Level 6 of the Lair of Beasts
 16311 | Lair:6   | Reached XP level 14. HP: 133/149 MP: 11/13
 16456 | Lair:6   | Noticed Nessos
 16458 | Lair:6   | Noticed Nessos
 16458 | Lair:6   | Nessos changed into Nessos the ogre
 16473 | Lair:6   | Killed Nessos the ogre
 16871 | Lair:5   | Reached skill level 15 in Maces & Flails
 18502 | D:2      | Bought the ring "Timiogg" {rElec rN+ Will+} for 435 gold
                  | pieces
 18831 | D:11     | Reached skill level 16 in Maces & Flails
 19222 | D:12     | Found a blossoming altar of Fedhas.
 19227 | D:12     | Noticed Rupert
 19234 | D:12     | Killed Rupert
 19395 | D:12     | Noticed Azrael
 19407 | D:12     | Killed Azrael
 19551 | D:12     | Noticed Urug
 19565 | D:12     | Killed Urug
 19656 | D:12     | Noticed Gastronok
 19656 | D:12     | Noticed Snorg
 19721 | D:12     | Killed Snorg
 19837 | D:12     | Killed Gastronok
 19838 | D:12     | Reached XP level 15. HP: 147/161 MP: 12/14
 20495 | D:13     | Found a gate to the Vaults.
 20810 | D:13     | Reached skill level 17 in Maces & Flails
 21838 | D:14     | Found Faleergha's Magic Scroll Boutique.
 22330 | D:15     | Entered Level 15 of the Dungeon
 22420 | D:15     | Found a staircase to the Depths.
 23319 | D:15     | Reached ****** piety under Wu Jian
 23348 | D:15     | Reached skill level 18 in Maces & Flails
 23804 | D:15     | Found Sonweek's Gadget Gallery.
 23832 | D:15     | Reached XP level 16. HP: 146/172 MP: 12/15
 24219 | Orc:1    | Entered Level 1 of the Orcish Mines
 24474 | Orc:2    | Entered Level 2 of the Orcish Mines
 25075 | Orc:2    | Found a staircase to the Elven Halls.
 25892 | Orc:2    | Found Iratz's Distillery.
 25893 | Orc:2    | Found Ecser's Armour Boutique.
 25894 | Orc:2    | Found Gateobud's General Store.
 25903 | Orc:2    | Found Azet's Magic Scroll Shop.
 26173 | Orc:2    | Bought a scroll of brand weapon for 360 gold pieces
 26334 | D:6      | Bought a scroll of enchant weapon for 105 gold pieces
 26399 | D:2      | Bought a scroll of acquirement for 676 gold pieces
 26399 | D:2      | Acquired the -2 hat of the Alchemist {rElec rPois rF+ rC+
                  | rN+ Will+ rMut rCorr}
 26399 | D:2      | Found the -2 hat of the Alchemist {rElec rPois rF+ rC+ rN+
                  | Will+ rMut rCorr}
 26454 | D:3      | Noticed Ijyb
 26460 | D:3      | Killed Ijyb
 26474 | D:3      | Killed Sigmund
 26928 | Snake:1  | Entered Level 1 of the Snake Pit
 27250 | Snake:1  | Found Cohallie's Armour Emporium.
 27547 | Snake:1  | Reached skill level 19 in Maces & Flails
 27933 | Snake:1  | Noticed Frances
 27948 | Snake:1  | Killed Frances
 28890 | Snake:2  | Reached skill level 15 in Fighting
 29533 | Snake:3  | Reached XP level 17. HP: 154/184 MP: 12/16
 29658 | Snake:3  | HP: 7/184 [asphyx]
 30509 | D:2      | Bought an amulet of the acrobat for 330 gold pieces
 31740 | Snake:3  | Reached skill level 20 in Maces & Flails
 31743 | Snake:3  | Found a runed translucent gate.
 31743 | Snake:3  | Found a runed translucent gate.
 31743 | Snake:3  | Found a runed translucent gate.
 31746 | Snake:3  | Noticed Razfen's ghost (adept GnWn)
 32010 | Snake:4  | Entered Level 4 of the Snake Pit
 32319 | Snake:4  | Noticed Mara
 32349 | Snake:4  | Noticed TheDeanity's illusion
 32515 | Snake:4  | Noticed TheDeanity's illusion
 32515 | Snake:4  | Killed Mara
 34358 | Snake:4  | Reached skill level 10 in Armour
 34543 | Snake:4  | Got a serpentine rune of Zot
 35741 | Swamp:1  | Entered Level 1 of the Swamp
 35780 | Swamp:1  | Reached XP level 18. HP: 160/196 MP: 17/17
 35863 | Swamp:1  | Acquired 347 gold pieces
 36150 | Swamp:1  | Reached skill level 21 in Maces & Flails
 36646 | Swamp:2  | Found a frozen archway.
 36670 | IceCv    | Entered an ice cave
 36674 | IceCv    | HP: 9/196 [harpy simulacrum (1)]
 36674 | IceCv    | HP: 2/196 [harpy simulacrum (7)]
 36674 | IceCv    | Mangled by a harpy simulacrum

Illustrated notes

Levels and vault maps discovered:
D:1:      minmay_arrival_open_corners, layout_loops_ring
D:2:      layout_rooms, serial_shops, shop, shop, shop,
          nicolae_shop_hallway_plus, shop, basic_altar,
          ebering_ecumenical_altar_hall, uniq_terence
D:3:      layout_basic, uniq_ijyb, uniq_sigmund
D:4:      layout_basic, ebering_dispersal_statue_hall,
          chequers_serial_rivers_micro_a, st_stairs_12, uniq_robin
D:5:      layout_loops_ring, okawaru_ov_weapons_minmay, uniq_menkaure
D:6:      layout_rooms, serial_shops, nicolae_shop_hallway_stairs, shop,
          nicolae_shop_crystal, kennysheep_mini_moat
D:7:      layout_loops_cross, minmay_temple_entry_wispy,
          hangedman_decor_peaks_small, uniq_maggie
D:8:      layout_cave_pools
D:9:      layout_loops_ring, orc_0_dummy, hex_medium, minivault_23
D:10:     layout_long_grid, dpeg_lair_monsters
D:11:     layout_big_octagon, gauntlet_entry_generic
D:12:     kennysheep_funnel, layout_long_grid, fedhas_altar_2, uniq_gastronok,
          uniq_snorg, uniq_azrael, uniq_rupert, uniq_urug
D:13:     layout_small_grid, erik_vaults_1, nicolae_underground_beach
D:14:     layout_loops_ring, hangedman_decor_push, serial_shops,
          kennysheep_little_box
D:15:     hangedman_depths_entry_try_elsewhere_first, layout_loops_corners,
          kennysheep_pointless_box, minmay_misc_feat_alley, nicolae_shop_gadgets
Temple:   mainiacjoe_temple_archimedes_tessellation
Lair:1:   layout_concentric_octagons, serial_bayou_shore_a, uniq_sonja
Lair:2:   layout_cellular_growth
Lair:3:   layout_cave_pods, minmay_snake_entry_six_corridors,
          serial_bayou_shore_b, serial_bayou_shore_b
Lair:4:   layout_long_grid, minmay_swamp_entry_worms, beast_lair_carwin_3,
          serial_bayou_shore_b, grunt_megastairs_3, infiniplex_staircase_pool,
          serial_bayou_shore_b
Lair:5:   layout_gridlike, dpeg_slime_entry_enclosed_altar,
          nicolae_volcano_entry_lava_flow, dpeg_oklob_1
Lair:6:   hangedman_lair_in_review, layout_gridlike,
          grunt_forest_small_clearings, lemuel_old_faithful, uniq_nessos
Swamp:1:  layout_basic_swamp, wheals_swamp_sinkhole
Swamp:2:  layout_basic_swamp, portal_ice_cave_entry_pillars_1,
          evilmike_swamp_ruin_house_1, uniq_aizul, uniq_roxanne
Snake:1:  layout_onion, minmay_shop_star, uniq_frances
Snake:2:  layout_misc_corridors
Snake:3:  layout_misc_corridors, ebering_ghost_rock_garden
Snake:4:  grunt_snake_rune_serpentine_throne, layout_chambers, uniq_mara
Orc:1:    layout_diamond_mine, basic_altar, minmay_orc_temple_a
Orc:2:    st_orc_open, layout_diamond_mine
IceCv:    ice_cave_statue_garden_transporter

Skill      XL: |  1  2  3  4  5  6  7  8  9 10 11 12 13 14 15 16 17 18 |
---------------+-------------------------------------------------------+-----
Maces & Flails | 2 3 4 5 6 7 9 10 12 14 16 18 19 20 21 | 21.2
Shields        | 3 4 5 6 7 8 10 | 10.0
Fighting       | 3 4 5 6 7 8 10 11 12 13 14 15 16 | 16.1
Armour         | 2 5 6 8 10 | 10.0
Dodging        | |  2.4

Action                   |  1- 3 |  4- 6 |  7- 9 | 10-12 | 13-15 | 16-18 || total
-------------------------+-------+-------+-------+-------+-------+-------++-------
Melee: Unarmed           |   125 |   186 |   317 |       |       |       ||   628
       Mace              |       |       |    96 |   543 |  1651 |   755 ||  3045
       Morningstar       |       |       |       |       |       |   116 ||   116
       Giant spiked club |       |       |       |       |       |   345 ||   345
       Demon whip        |       |       |       |       |       |   316 ||   316
Throw: Javelin           |       |       |       |     2 |       |       ||     2
       Large rock        |       |       |       |       |    13 |    77 ||    90
Invok: Lunge             |       |       |     6 |    31 |   118 |   127 ||   282
       Whirlwind         |       |       |     4 |   139 |   331 |   275 ||   749
       Serpent's Lash    |       |       |       |     1 |    17 |    33 ||    51
 Abil: Wall Jump         |       |       |       |     3 |     2 |       ||     5
Evoke: Wand              |       |       |       |    11 |    11 |     3 ||    25
       Phial of floods   |       |       |       |     1 |     1 |     1 ||     3
       Lightning rod     |       |       |       |       |     3 |       ||     3
  Use: Scroll            |       |     7 |     1 |    12 |     7 |    10 ||    37
       Potion            |       |       |     3 |    10 |     1 |     3 ||    17
 Stab: Petrifying        |       |       |       |       |     1 |       ||     1
       Sleeping          |       |       |       |       |       |     3 ||     3
Armor: Robe              |    45 |    28 |       |       |       |       ||    73
       Animal skin       |       |    23 |    67 |       |       |       ||    90
       Skin              |       |       |     1 |       |       |       ||     1
       Steam dragon scal |       |       |    71 |   150 |   430 |   330 ||   981
Dodge: Dodged            |    55 |    67 |   183 |   132 |   330 |   376 ||  1143
Block: Kite shield       |    56 |    78 |   203 |   194 |   530 |   375 ||  1436
